 Dungeon Crawl Stone Soup version 0.31.0 (webtiles) character file.

Game seed: 12510270973803848108

22001 qw the Marksgargoyle (level 12, -12/77 HPs)
             Began as a Gargoyle Hunter on Jan 19, 2024.
             Was an Elder of Okawaru.
             Mangled by a death yak (19 damage)
             ... on level 3 of the Lair of Beasts.
             The game lasted 00:01:42 (11493 turns).

qw the Marksgargoyle (Gargoyle Hunter)             Turns: 11493, Time: 00:01:43

Health: -12/77     AC: 22    Str: 14    XL:     12   Next: 95%
Magic:  17/19      EV: 16    Int: 12    God:    Okawaru [****..]
Gold:   624        SH:  0    Dex: 23    Spells: 11/11 levels left

rFire   + . .        d - +0 orcbow
rCold   + . .        (shield currently unavailable)
rNeg    + + +        g - +1 leather armour {rC+}
rPois   inf          p - +2 helmet
rElec   +            h - +0 cloak
rCorr   .            o - +1 pair of gloves of Impermeability {rN++ Will+ Stlth-}
SInv    .            m - +1 pair of boots
Will    +....        x - amulet of faith
Stlth   +            f - ring of protection from fire
HPRegen 0.32/turn    q - +6 ring of dexterity
MPRegen 0.16/turn

%: faith
@: about to teleport, finesse-ful
A: sickness immunity, AC +8, negative energy resistance 1, electricity
resistance, torment resistance 1, petrification resistance
a: Renounce Religion, Heroism, Finesse


You were on level 3 of the Lair of Beasts.
You worshipped Okawaru.
Okawaru was greatly pleased with you.
You visited 3 branches of the dungeon, and saw 13 of its levels.

You collected 864 gold pieces.
You spent 240 gold pieces at shops.


Innate Abilities, Weirdness & Mutations

You are immune to sickness and miasma.
Your stone body is resilient. (AC +8)
You are immune to poison.
You resist negative energy. (rN+)
You are resistant to electric shocks. (rElec)
You are resistant to unholy torment.
You are immune to petrification.


   Skills:
 - Level 10.0 Fighting
 + Level 15.2 Ranged Weapons
 - Level 5.2 Armour
 - Level 6.0 Dodging
 - Level 1.1 Stealth
 - Level 10.1 Invocations


You had 11 spell levels left.
You didn't know any spells.
Your spell library was empty.

Inventory:

Hand Weapons
 d - a +0 orcbow (weapon)
Armour
 c - a +2 robe of willpower
 g - a +1 leather armour of cold resistance (worn)
 h - a +0 cloak (worn)
 m - a +1 pair of boots (worn)
 o - the +1 pair of gloves of Impermeability (worn) {rN++ Will+ Stlth-}
   (You found it on level 6 of the Dungeon)

   rN++:      It greatly protects you from negative energy.
   Will+:     It increases your willpower.
   Stlth-:    It makes you less stealthy.
 p - a +2 helmet (worn)
 t - a +2 robe of fire resistance
Jewellery
 f - a ring of protection from fire (left hand)
 q - a +6 ring of dexterity (right hand)
 x - an amulet of faith (around neck)
Wands
 a - a wand of charming (7)
 e - a wand of polymorph (11)
 j - a wand of roots (17)
Scrolls
 b - 5 scrolls of teleportation
 u - a scroll of identify
Potions
 i - 2 potions of curing
 k - a potion of magic
 l - 2 potions of might
 n - a potion of enlightenment
 r - a potion of haste
 s - a potion of mutation

Dungeon Overview and Level Annotations

Branches:
Dungeon (9/15)             Temple (1/1) D:6            Lair (3/5) D:9
  Swamp: Lair:2-3    Shoals: Lair:2-3     Snake: Lair:2-3    Spider: Lair:2-3
    Orc: D:9-12

Altars:
Ashenzari
Dithmenos
Elyvilon
Fedhas
Gozag
Hepliaklqana
Kikubaaqudgha
Makhleb
Nemelex Xobeh
Okawaru
Qazlal
Ru
Sif Muna
Trog
Uskayaw
Vehumet
Wu Jian
Xom
Yredelemnul
Zin
The Shining One

Shops:
D:5 [

Portals:
Volcano: Lair:3


Message History

The death yak attacks as it pursues you!
The death yak gores you but does no damage.
You shoot an arrow. The arrow hits the death yak!!
You kill the death yak!
Okawaru accepts your kill.
11479 ||| FLEEEEING.
11480 ||| FLEEEEING.
11481 ||| FLEEEEING.
11482 ||| FLEEEEING.
11483 ||| FLEEEEING.
You shoot an arrow. The arrow hits the death yak.
The death yak is lightly wounded.
You shoot an arrow. The arrow hits the death yak!
The death yak is lightly wounded.
You shoot an arrow. The arrow hits the death yak.
The death yak is lightly wounded.
The death yak gores you!
11487 ||| READING 6 scrolls of teleportation.
As you read the scroll of teleportation, it crumbles to dust.
You feel strangely unstable. The death yak barely misses you.
You shoot an arrow. The arrow hits the death yak!!
The death yak is heavily wounded.
You shoot an arrow. The arrow hits the death yak.
The death yak is heavily wounded.
You shoot an arrow. The arrow hits the death yak!
The death yak is severely wounded.
The death yak gores you!
You shoot an arrow.
The arrow hits the death yak but does no damage.
The death yak is severely wounded.
You shoot an arrow. The arrow hits the death yak.
The death yak is severely wounded.
The death yak closely misses you.
You shoot an arrow.
The arrow completely misses the death yak.
The arrow hits the fungus.
The fungus begins to die.
The fungus is lightly damaged.
The death yak gores you!!
You die...

...........#####.ยค#
..............###..###
...........#.....%....##
.......^.......##.......P#
..<..........PP#Y###.##....
............#........#.....
........................###
......(.....#YY..........
.............@...........
.......%.................
...........<.............
.........................
.........%...............
P........................
......................
.....................
...................


You could see 3 death yaks.

Vanquished Creatures
  2 hydras (Lair:2)
  A two-headed ogre (D:9)
  A boulder beetle (Lair:2)
  2 death yaks
  2 skysharks
  3 black mambas (Lair:1)
  6 elephants
  Jeremiah (D:9)
  A torpor snail (Lair:2)
  5 cane toads
  A rime drake (D:9)
  A komodo dragon (Lair:1)
  Grinder (D:5)
  5 blink frogs (Lair:2)
  2 wyverns
  29 yaks
  An unseen horror simulacrum (D:9)
  3 basilisks (Lair:1)
  A steam dragon (D:9)
  10 water moccasins
  2 orc warriors
  5 ice beasts (D:9)
  A sky beast (D:6)
  3 black bears
  8 wolves
  An ogre (D:6)
  2 centaurs (D:6)
  A kobold brigand (D:6)
  2 scorpions (D:4)
  10 bullfrogs
  8 wights (D:9)
  6 killer bees (D:7)
  A howler monkey (D:9)
  3 electric eels (D:9)
  2 bombardier beetles (D:5)
  6 hounds
  A jelly (D:6)
  11 orc priests
  A sleepcap (D:7)
  Jessica (D:3)
  4 iguanas
  Ijyb (D:5)
  9 orc wizards
  A statue (D:9)
  A centaur simulacrum (D:9)
  A killer bee simulacrum (D:9)
  Robin (D:3)
  7 adders
  A shadow imp (D:6)
  2 white imps
  A howler monkey simulacrum (D:9)
  An ufetubus (D:9)
  A dart slug (D:1)
  5 ribbon worms
  35 orcs
  6 endoplasms
  5 giant cockroaches
  4 hobgoblins
  5 jackals
  8 kobolds
  3 quokkas
  12 ball pythons
  9 bats
  4 frilled lizards
  12 goblins
  7 rats
  2 butterflies (Lair:1)
301 creatures vanquished.

Notes
Turn   | Place    | Note
-------+----------+-------------------------------------------
     0 | D:1      | qw the Gargoyle Hunter began the quest for the Orb.
     0 | D:1      | Reached XP level 1. HP: 12/12 MP: 1/1
     0 | D:1      | 0 ||| qw: Version: 0.3-a-132-g3d54051
     0 | D:1      | 0 ||| qw: Game counter: 370
     0 | D:1      | 0 ||| qw: Melee chars always use a shield: true
     0 | D:1      | 0 ||| qw: God list: Okawaru
     0 | D:1      | 0 ||| qw: Allow faded altars: false
     0 | D:1      | 0 ||| qw: Do Orc after clearing Dungeon:15 true
     0 | D:1      | 0 ||| qw: Do second Lair branch before Depths: true
     0 | D:1      | 0 ||| qw: Lair rune preference: random
     0 | D:1      | 0 ||| qw: Goals: Normal
     0 | D:1      | 0 ||| PLANNING D:1-11
   230 | D:1      | Reached XP level 2. HP: 17/17 MP: 2/2
   768 | D:1      | Reached XP level 3. HP: 21/21 MP: 3/3
   800 | D:1      | 800 ||| UPGRADING to +0 ring mail.
   810 | D:1      | 810 ||| DROPPING +0 leather armour.
   811 | D:1      | 811 ||| DROPPING ring of wizardry.
   812 | D:1      | 812 ||| READING 2 scrolls labelled SOMPY IDECURGHONIV.
   813 | D:1      | 813 ||| READING scroll labelled ISOUMY FYTOSK.
   814 | D:1      | 814 ||| READING scroll labelled FUYGO VOERU.
   817 | D:1      | 817 ||| DROPPING scroll of butterflies.
   818 | D:1      | 818 ||| DROPPING scroll of revelation.
   909 | D:2      | 909 ||| RETREEEEATING.
   918 | D:2      | Reached skill level 1 in Armour
   928 | D:2      | Reached skill level 5 in Ranged Weapons
   937 | D:2      | 937 ||| FLEEEEING.
   941 | D:2      | Reached XP level 4. HP: 20/27 MP: 4/4
  1063 | D:2      | Reached skill level 3 in Fighting
  1251 | D:2      | 1251 ||| FLEEEEING.
  1484 | D:2      | 1484 ||| UPGRADING to +0 cloak.
  1489 | D:2      | 1489 ||| READING scroll labelled LOET ZAMOIKHLUNG.
  1590 | D:2      | 1590 ||| READING scroll labelled XUZIDICLOT.
  1591 | D:2      | 1591 ||| FLEEEEING.
  1879 | D:3      | Reached XP level 5. HP: 32/32 MP: 5/5
  1979 | D:3      | Noticed Jessica
  1989 | D:3      | Killed Jessica
  2087 | D:3      | Reached skill level 6 in Ranged Weapons
  2312 | D:3      | Noticed Robin
  2319 | D:3      | Killed Robin
  2326 | D:3      | 2326 ||| FLEEEEING.
  2453 | D:3      | 2453 ||| UPGRADING to +2 robe.
  2463 | D:3      | 2463 ||| DROPPING +0 ring mail.
  2464 | D:3      | 2464 ||| UPGRADING to +0 pair of boots.
  2469 | D:3      | 2469 ||| UPGRADING to +0 helmet.
  2474 | D:3      | 2474 ||| READING scroll labelled QAREUXZ HETE.
  2474 | D:3      | 2474 ||| IDENTIFYING bubbling white potion
  2475 | D:3      | 2475 ||| READING scroll labelled ENWUOFF ESHECYK.
  2476 | D:3      | 2476 ||| DROPPING potion of degeneration.
  2608 | D:4      | Reached XP level 6. HP: 21/39 MP: 6/6
  2608 | D:4      | 2608 ||| FLEEEEING.
  2611 | D:4      | 2611 ||| STAIRDANCE
  2675 | D:3      | 2675 ||| DRINKING 2 fizzy brown potions.
  2676 | D:3      | 2676 ||| DROPPING potion of brilliance.
  2697 | D:4      | 2697 ||| FLEEEEING.
  2702 | D:4      | 2702 ||| STAIRDANCE
  2871 | D:4      | 2871 ||| FLEEEEING.
  2872 | D:4      | 2872 ||| FLEEEEING.
  2873 | D:4      | 2873 ||| FLEEEEING.
  2874 | D:4      | 2874 ||| FLEEEEING.
  2876 | D:4      | 2876 ||| FLEEEEING.
  2877 | D:4      | 2877 ||| FLEEEEING.
  2879 | D:4      | 2879 ||| FLEEEEING.
  2880 | D:4      | 2880 ||| FLEEEEING.
  2881 | D:4      | 2881 ||| FLEEEEING.
  2882 | D:4      | 2882 ||| FLEEEEING.
  2883 | D:4      | 2883 ||| FLEEEEING.
  2884 | D:4      | 2884 ||| STAIRDANCE
  2941 | D:4      | Reached skill level 7 in Ranged Weapons
  2941 | D:4      | Reached XP level 7. HP: 31/44 MP: 7/7
  3147 | D:4      | 3147 ||| ZAPPING wand of flame (16) at 1,1 (black bear;
                  | floor).
  3148 | D:4      | 3148 ||| ZAPPING wand of flame (15) at 1,1 (black bear;
                  | floor).
  3149 | D:4      | 3149 ||| ZAPPING wand of flame (14) at 1,1 (black bear;
                  | floor).
  3150 | D:4      | 3150 ||| ZAPPING wand of flame (13) at 1,1 (black bear;
                  | floor).
  3151 | D:4      | 3151 ||| ZAPPING wand of flame (12) at 1,1 (black bear;
                  | floor).
  3152 | D:4      | 3152 ||| FLEEEEING.
  3353 | D:4      | 3353 ||| READING 2 scrolls of identify.
  3353 | D:4      | 3353 ||| IDENTIFYING bubbling purple potion
  3354 | D:4      | 3354 ||| READING scroll of identify.
  3354 | D:4      | 3354 ||| IDENTIFYING bubbling silvery potion
  3355 | D:4      | 3355 ||| READING scroll labelled ZUM NOS ROGI.
  3355 | D:4      | 3355 ||| BRANDING +0 shortbow.
  3356 | D:4      | 3356 ||| DROPPING potion of lignification.
  3366 | D:5      | Entered Level 5 of the Dungeon
  3370 | D:5      | 3370 ||| STAIRDANCE
  3372 | D:4      | 3372 ||| FLEEEEING.
  3381 | D:4      | 3381 ||| STAIRDANCE
  3431 | D:5      | Noticed Grinder
  3441 | D:5      | Killed Grinder
  3442 | D:5      | Reached skill level 8 in Ranged Weapons
  3442 | D:5      | 3442 ||| FLEEEEING.
  3448 | D:5      | 3448 ||| STAIRDANCE
  3478 | D:5      | Reached XP level 8. HP: 49/49 MP: 8/8
  3511 | D:5      | 3511 ||| FLEEEEING.
  3512 | D:5      | Noticed Ijyb
  3521 | D:5      | Killed Ijyb
  3522 | D:5      | Reached skill level 9 in Ranged Weapons
  3664 | D:5      | Found Bocheops's Antique Armour Emporium.
  3667 | D:5      | 3667 ||| BUYING embroidered cloak (150 gold).
  3667 | D:5      | Bought an embroidered cloak for 150 gold pieces
  3667 | D:5      | 3667 ||| BUYING pair of gloves (90 gold).
  3667 | D:5      | Bought a pair of gloves for 90 gold pieces
  3707 | D:5      | Reached skill level 6 in Fighting
  3952 | D:5      | 3952 ||| DROPPING +0 cloak of preservation.
  3953 | D:5      | 3953 ||| UPGRADING to +0 pair of gloves.
  3958 | D:5      | 3958 ||| READING scroll of identify.
  3958 | D:5      | 3958 ||| IDENTIFYING murky ruby potion
  3959 | D:5      | 3959 ||| READING scroll labelled XIOXAIDADY.
  3959 | D:5      | 3959 ||| ENCHANTING +0 pair of gloves.
  3960 | D:5      | 3960 ||| READING scroll labelled WEIVOER SOUG.
  3994 | D:6      | 3994 ||| FLEEEEING.
  4054 | D:6      | Found a white marble altar of Elyvilon.
  4055 | D:6      | 4055 ||| SWAPPING to +0 orcbow.
  4062 | D:6      | 4062 ||| DROPPING +0 heavy shortbow.
  4083 | D:6      | 4083 ||| FLEEEEING.
  4084 | D:6      | 4084 ||| FLEEEEING.
  4085 | D:6      | 4085 ||| FLEEEEING.
  4086 | D:6      | 4086 ||| FLEEEEING.
  4087 | D:6      | 4087 ||| FLEEEEING.
  4093 | D:6      | 4093 ||| FLEEEEING.
  4094 | D:6      | 4094 ||| FLEEEEING.
  4095 | D:6      | 4095 ||| FLEEEEING.
  4096 | D:6      | 4096 ||| FLEEEEING.
  4097 | D:6      | 4097 ||| FLEEEEING.
  4098 | D:6      | 4098 ||| FLEEEEING.
  4099 | D:6      | 4099 ||| FLEEEEING.
  4100 | D:6      | 4100 ||| FLEEEEING.
  4101 | D:6      | 4101 ||| FLEEEEING.
  4102 | D:6      | 4102 ||| FLEEEEING.
  4103 | D:6      | 4103 ||| FLEEEEING.
  4104 | D:6      | 4104 ||| FLEEEEING.
  4105 | D:6      | 4105 ||| FLEEEEING.
  4106 | D:6      | 4106 ||| FLEEEEING.
  4437 | D:6      | 4437 ||| FLEEEEING.
  4439 | D:6      | 4439 ||| STAIRDANCE
  4471 | D:5      | 4471 ||| READING scroll labelled KOORHE RIWI.
  4503 | D:6      | Found a staircase to the Ecumenical Temple.
  4504 | D:6      | 4504 ||| PLANNING TEMPLE
  4517 | D:6      | 4517 ||| FLEEEEING.
  4546 | Temple   | Found a transporter.
  4546 | Temple   | Found a transporter.
  4546 | Temple   | Found a transporter.
  4546 | Temple   | Found a transporter.
  4546 | Temple   | Entered the Ecumenical Temple
  4547 | Temple   | 4547 ||| PLANNING D:1-11
  4547 | Temple   | 4547 ||| DRINKING 2 ruby potions.
  4568 | Temple   | 4568 ||| PLANNING OKAWARU WORSHIP
  4571 | Temple   | Became a worshipper of Warmaster Okawaru
  4572 | Temple   | 4572 ||| PLANNING D:1-11
  4599 | D:6      | Reached skill level 10 in Ranged Weapons
  4600 | D:6      | Identified the +1 pair of gloves of Impermeability {rN++
                  | Will+ Stlth-}
  4654 | D:6      | Reached XP level 9. HP: 55/55 MP: 9/9
  4715 | D:6      | Reached skill level 3 in Dodging
  4715 | D:6      | 4715 ||| FLEEEEING.
  4810 | D:6      | 4810 ||| FLEEEEING.
  4880 | D:6      | Found an opulent altar of Gozag.
  4980 | D:6      | 4980 ||| UPGRADING to +1 pair of gloves of Impermeability
                  | {rN++ Will+ Stlth-}.
  4990 | D:6      | 4990 ||| DROPPING +1 pair of gloves.
  4991 | D:6      | 4991 ||| DROPPING wand of flame (25).
  5092 | D:7      | Reached * piety under Okawaru
  5113 | D:7      | Reached skill level 1 in Invocations
  5113 | D:7      | 5113 ||| FLEEEEING.
  5240 | D:7      | 5240 ||| RETREEEEATING.
  5243 | D:7      | 5243 ||| RETREEEEATING.
  5244 | D:7      | 5244 ||| RETREEEEATING.
  5245 | D:7      | 5245 ||| RETREEEEATING.
  5246 | D:7      | 5246 ||| RETREEEEATING.
  5247 | D:7      | 5247 ||| INVOKING Heroism.
  5283 | D:7      | 5283 ||| FLEEEEING.
  5567 | D:7      | Found a burning altar of Makhleb.
  5615 | D:7      | 5615 ||| UPGRADING to +1 leather armour of cold resistance.
  5625 | D:7      | 5625 ||| DROPPING +2 robe.
  5626 | D:7      | 5626 ||| UPGRADING to ring of protection from fire.
  5627 | D:7      | 5627 ||| UPGRADING to +6 ring of dexterity.
  5628 | D:7      | 5628 ||| READING 4 scrolls of identify.
  5628 | D:7      | 5628 ||| IDENTIFYING smoky purple potion
  5629 | D:7      | 5629 ||| READING 3 scrolls of identify.
  5629 | D:7      | 5629 ||| IDENTIFYING glowing ruby potion
  5630 | D:7      | 5630 ||| READING 2 scrolls of identify.
  5630 | D:7      | 5630 ||| IDENTIFYING blue potion
  5631 | D:7      | 5631 ||| DROPPING potion of berserk rage.
  5678 | D:8      | Found a glowing golden altar of the Shining One.
  5762 | D:8      | 5762 ||| FLEEEEING.
  5764 | D:8      | 5764 ||| FLEEEEING.
  5765 | D:8      | 5765 ||| FLEEEEING.
  5766 | D:8      | 5766 ||| FLEEEEING.
  5767 | D:8      | 5767 ||| FLEEEEING.
  5768 | D:8      | 5768 ||| FLEEEEING.
  5769 | D:8      | 5769 ||| FLEEEEING.
  5770 | D:8      | 5770 ||| FLEEEEING.
  5771 | D:8      | 5771 ||| FLEEEEING.
  5772 | D:8      | 5772 ||| FLEEEEING.
  5773 | D:8      | 5773 ||| FLEEEEING.
  5774 | D:8      | 5774 ||| FLEEEEING.
  5775 | D:8      | 5775 ||| FLEEEEING.
  5776 | D:8      | 5776 ||| FLEEEEING.
  5777 | D:8      | 5777 ||| FLEEEEING.
  5778 | D:8      | 5778 ||| FLEEEEING.
  5779 | D:8      | 5779 ||| FLEEEEING.
  5780 | D:8      | 5780 ||| STAIRDANCE
  5876 | D:8      | Reached skill level 3 in Armour
  6049 | D:8      | 6049 ||| FLEEEEING.
  6203 | D:8      | Reached skill level 3 in Invocations
  6249 | D:8      | Found a hide-covered altar of Uskayaw.
  6367 | D:8      | Found an ornate altar of the Wu Jian Council.
  6394 | D:8      | Found a shimmering blue altar of Sif Muna.
  6408 | D:8      | 6408 ||| FLEEEEING.
  6492 | D:8      | 6492 ||| READING 2 scrolls of identify.
  6492 | D:8      | 6492 ||| IDENTIFYING glowing puce potion
  6525 | D:9      | 6525 ||| STAIRDANCE
  6570 | D:9      | Reached skill level 11 in Ranged Weapons
  6585 | D:9      | 6585 ||| RETREEEEATING.
  6587 | D:9      | 6587 ||| RETREEEEATING.
  6593 | D:9      | Reached ** piety under Okawaru
  6594 | D:9      | Reached XP level 10. HP: 48/63 MP: 13/13
  6618 | D:9      | 6618 ||| FLEEEEING.
  6771 | D:9      | 6771 ||| RETREEEEATING.
  6772 | D:9      | 6772 ||| RETREEEEATING.
  6773 | D:9      | 6773 ||| RETREEEEATING.
  6774 | D:9      | 6774 ||| RETREEEEATING.
  6775 | D:9      | 6775 ||| RETREEEEATING.
  6825 | D:9      | Reached skill level 12 in Ranged Weapons
  6839 | D:9      | Found a staircase to the Lair.
  6884 | D:9      | 6884 ||| FLEEEEING.
  6960 | D:9      | Reached *** piety under Okawaru
  6971 | D:9      | Noticed a two-headed ogre
  6972 | D:9      | 6972 ||| INVOKING Heroism.
  6973 | D:9      | 6973 ||| RETREEEEATING.
  6974 | D:9      | 6974 ||| RETREEEEATING.
  6983 | D:9      | Killed a two-headed ogre
  7054 | D:9      | 7054 ||| FLEEEEING.
  7299 | D:9      | Noticed Jeremiah
  7300 | D:9      | 7300 ||| INVOKING Heroism.
  7315 | D:9      | 7315 ||| READING scroll of identify.
  7315 | D:9      | 7315 ||| IDENTIFYING scroll labelled DOLEDI WAPO
  7329 | D:9      | 7329 ||| INVOKING Heroism.
  7333 | D:9      | HP: 11/64 [Jeremiah/divine providence (12)]
  7334 | D:9      | 7334 ||| READING 5 scrolls of teleportation.
  7334 | D:9      | HP: 3/64 [Jeremiah/+2 trident of draining (8)]
  7335 | D:9      | 7335 ||| DRINKING potion of heal wounds.
  7336 | D:9      | 7336 ||| DROPPING scroll of poison.
  7345 | D:9      | 7345 ||| FLEEEEING.
  7465 | D:9      | 7465 ||| INVOKING Heroism.
  7491 | D:9      | 7491 ||| INVOKING Heroism.
  7512 | D:9      | 7512 ||| INVOKING Heroism.
  7513 | D:9      | Killed Jeremiah
  7642 | D:9      | Found a radiant altar of Vehumet.
  7871 | D:9      | 7871 ||| PLANNING LAIR
  7905 | Lair:1   | Entered Level 1 of the Lair of Beasts
  7935 | Lair:1   | Reached XP level 11. HP: 68/68 MP: 14/14
  7965 | Lair:1   | Reached skill level 13 in Ranged Weapons
  7965 | Lair:1   | 7965 ||| FLEEEEING.
  8066 | Lair:1   | 8066 ||| FLEEEEING.
  8170 | Lair:1   | 8170 ||| RETREEEEATING.
  8171 | Lair:1   | 8171 ||| RETREEEEATING.
  8174 | Lair:1   | 8174 ||| RETREEEEATING.
  8175 | Lair:1   | 8175 ||| RETREEEEATING.
  8176 | Lair:1   | 8176 ||| RETREEEEATING.
  8178 | Lair:1   | 8178 ||| RETREEEEATING.
  8179 | Lair:1   | 8179 ||| RETREEEEATING.
  8180 | Lair:1   | 8180 ||| RETREEEEATING.
  8181 | Lair:1   | 8181 ||| RETREEEEATING.
  8182 | Lair:1   | 8182 ||| RETREEEEATING.
  8183 | Lair:1   | 8183 ||| RETREEEEATING.
  8184 | Lair:1   | 8184 ||| RETREEEEATING.
  8185 | Lair:1   | 8185 ||| RETREEEEATING.
  8188 | Lair:1   | 8188 ||| RETREEEEATING.
  8189 | Lair:1   | 8189 ||| RETREEEEATING.
  8190 | Lair:1   | 8190 ||| RETREEEEATING.
  8199 | Lair:1   | Reached skill level 9 in Fighting
  8207 | Lair:1   | Reached **** piety under Okawaru
  8212 | Lair:1   | 8212 ||| FLEEEEING.
  8478 | Lair:1   | 8478 ||| RETREEEEATING.
  8479 | Lair:1   | 8479 ||| RETREEEEATING.
  8480 | Lair:1   | 8480 ||| RETREEEEATING.
  8482 | Lair:1   | 8482 ||| RETREEEEATING.
  8483 | Lair:1   | 8483 ||| RETREEEEATING.
  8484 | Lair:1   | 8484 ||| RETREEEEATING.
  8485 | Lair:1   | 8485 ||| RETREEEEATING.
  8486 | Lair:1   | 8486 ||| RETREEEEATING.
  8487 | Lair:1   | 8487 ||| RETREEEEATING.
  8488 | Lair:1   | 8488 ||| RETREEEEATING.
  8489 | Lair:1   | 8489 ||| RETREEEEATING.
  8490 | Lair:1   | 8490 ||| RETREEEEATING.
  8495 | Lair:1   | 8495 ||| RETREEEEATING.
  8496 | Lair:1   | 8496 ||| RETREEEEATING.
  8497 | Lair:1   | 8497 ||| RETREEEEATING.
  8498 | Lair:1   | 8498 ||| RETREEEEATING.
  8499 | Lair:1   | 8499 ||| RETREEEEATING.
  8501 | Lair:1   | 8501 ||| RETREEEEATING.
  8507 | Lair:1   | 8507 ||| RETREEEEATING.
  8508 | Lair:1   | 8508 ||| RETREEEEATING.
  8509 | Lair:1   | 8509 ||| RETREEEEATING.
  8510 | Lair:1   | 8510 ||| RETREEEEATING.
  8511 | Lair:1   | 8511 ||| RETREEEEATING.
  8512 | Lair:1   | 8512 ||| RETREEEEATING.
  8513 | Lair:1   | 8513 ||| RETREEEEATING.
  8533 | Lair:1   | 8533 ||| FLEEEEING.
  8772 | Lair:1   | 8772 ||| RETREEEEATING.
  8773 | Lair:1   | 8773 ||| INVOKING Finesse.
  8798 | Lair:1   | Reached skill level 6 in Invocations
  8848 | Lair:1   | 8848 ||| RETREEEEATING.
  8853 | Lair:1   | 8853 ||| RETREEEEATING.
  8854 | Lair:1   | 8854 ||| RETREEEEATING.
  8857 | Lair:1   | Reached ***** piety under Okawaru
  8878 | Lair:1   | 8878 ||| FLEEEEING.
  8919 | Lair:1   | Noticed a skyshark
  8920 | Lair:1   | 8920 ||| INVOKING Finesse.
  8941 | Lair:1   | Killed a skyshark
  8968 | Lair:1   | Received a gift from Okawaru
  9219 | Lair:1   | 9219 ||| RETREEEEATING.
  9220 | Lair:1   | 9220 ||| RETREEEEATING.
  9221 | Lair:1   | 9221 ||| RETREEEEATING.
  9222 | Lair:1   | 9222 ||| RETREEEEATING.
  9223 | Lair:1   | 9223 ||| RETREEEEATING.
  9224 | Lair:1   | 9224 ||| RETREEEEATING.
  9234 | Lair:1   | Reached skill level 14 in Ranged Weapons
  9247 | Lair:1   | 9247 ||| FLEEEEING.
  9364 | Lair:1   | 9364 ||| RETREEEEATING.
  9367 | Lair:1   | 9367 ||| RETREEEEATING.
  9370 | Lair:1   | 9370 ||| RETREEEEATING.
  9372 | Lair:1   | 9372 ||| FLEEEEING.
  9383 | Lair:1   | Reached XP level 12. HP: 65/76 MP: 17/17
  9436 | Lair:1   | 9436 ||| FLEEEEING.
  9659 | Lair:1   | 9659 ||| READING scroll of identify.
  9659 | Lair:1   | 9659 ||| IDENTIFYING silvery potion
  9691 | Lair:2   | 9691 ||| RETREEEEATING.
  9798 | Lair:2   | 9798 ||| READING scroll of enchant armour.
  9798 | Lair:2   | 9798 ||| ENCHANTING +0 helmet.
  9837 | Lair:2   | Noticed a boulder beetle
  9838 | Lair:2   | 9838 ||| INVOKING Finesse.
  9873 | Lair:2   | Killed a boulder beetle
  9971 | Lair:2   | Noticed a skyshark
  9972 | Lair:2   | 9972 ||| INVOKING Finesse.
  9982 | Lair:2   | Killed a skyshark
  9990 | Lair:2   | Reached skill level 6 in Dodging
 10027 | Lair:2   | 10027 ||| RETREEEEATING.
 10043 | Lair:2   | Reached skill level 9 in Invocations
 10068 | Lair:2   | HP: 11/77 [elephant (14)]
 10069 | Lair:2   | 10069 ||| READING 6 scrolls of teleportation.
 10281 | Lair:2   | 10281 ||| RETREEEEATING.
 10282 | Lair:2   | 10282 ||| INVOKING Finesse.
 10432 | Lair:2   | 10432 ||| READING scroll of enchant armour.
 10432 | Lair:2   | 10432 ||| ENCHANTING +1 helmet.
 10454 | Lair:2   | 10454 ||| READING scroll of enchant armour.
 10454 | Lair:2   | 10454 ||| ENCHANTING +0 pair of boots.
 10489 | Lair:2   | Noticed a four-headed hydra
 10490 | Lair:2   | 10490 ||| INVOKING Finesse.
 10497 | Lair:2   | Noticed a five-headed hydra
 10500 | Lair:2   | Killed a four-headed hydra
 10500 | Lair:2   | Noticed a death yak
 10513 | Lair:2   | 10513 ||| RETREEEEATING.
 10523 | Lair:2   | Killed a death yak
 10529 | Lair:2   | Killed a five-headed hydra
 10529 | Lair:2   | Received a gift from Okawaru
 10530 | Lair:2   | 10530 ||| FLEEEEING.
 10532 | Lair:2   | 10532 ||| FLEEEEING.
 10533 | Lair:2   | 10533 ||| FLEEEEING.
 10534 | Lair:2   | 10534 ||| FLEEEEING.
 10535 | Lair:2   | 10535 ||| FLEEEEING.
 10536 | Lair:2   | 10536 ||| FLEEEEING.
 10537 | Lair:2   | 10537 ||| FLEEEEING.
 10538 | Lair:2   | 10538 ||| FLEEEEING.
 10852 | Lair:2   | 10852 ||| RETREEEEATING.
 10853 | Lair:2   | 10853 ||| RETREEEEATING.
 10854 | Lair:2   | 10854 ||| RETREEEEATING.
 10855 | Lair:2   | 10855 ||| RETREEEEATING.
 10856 | Lair:2   | 10856 ||| RETREEEEATING.
 10857 | Lair:2   | 10857 ||| RETREEEEATING.
 10858 | Lair:2   | 10858 ||| RETREEEEATING.
 10859 | Lair:2   | 10859 ||| RETREEEEATING.
 10860 | Lair:2   | 10860 ||| RETREEEEATING.
 10886 | Lair:2   | Reached skill level 15 in Ranged Weapons
 11355 | Lair:2   | 11355 ||| UPGRADING to amulet of faith.
 11360 | Lair:2   | 11360 ||| DROPPING +6 ring of intelligence.
 11361 | Lair:2   | 11361 ||| DROPPING ring of flight.
 11445 | Lair:3   | Found a dark tunnel.
 11452 | Lair:3   | Noticed a death yak
 11453 | Lair:3   | 11453 ||| INVOKING Finesse.
 11455 | Lair:3   | Noticed a death yak
 11455 | Lair:3   | Noticed a death yak
 11462 | Lair:3   | Noticed a death yak
 11472 | Lair:3   | 11472 ||| RETREEEEATING.
 11473 | Lair:3   | 11473 ||| RETREEEEATING.
 11474 | Lair:3   | 11474 ||| RETREEEEATING.
 11475 | Lair:3   | 11475 ||| RETREEEEATING.
 11476 | Lair:3   | 11476 ||| RETREEEEATING.
 11477 | Lair:3   | 11477 ||| RETREEEEATING.
 11478 | Lair:3   | Killed a death yak
 11479 | Lair:3   | 11479 ||| FLEEEEING.
 11480 | Lair:3   | 11480 ||| FLEEEEING.
 11481 | Lair:3   | 11481 ||| FLEEEEING.
 11482 | Lair:3   | 11482 ||| FLEEEEING.
 11483 | Lair:3   | 11483 ||| FLEEEEING.
 11486 | Lair:3   | HP: 17/77 [death yak (11)]
 11487 | Lair:3   | 11487 ||| READING 6 scrolls of teleportation.
 11490 | Lair:3   | HP: 6/77 [death yak (12)]
 11493 | Lair:3   | Mangled by a death yak

Levels and vault maps discovered:
D:1:      dpeg_arrival_refuge, layout_basic, hex_medium,
          dreamdust_princess_bridge
D:2:      kennysheep_big_flooded_room, layout_basic
D:3:      layout_loops_cross, minmay_shallow_snake_nest, uniq_robin,
          uniq_jessica
D:4:      layout_cave_pools, solitary_fountain, minivault_5
D:5:      layout_gridville, serial_shops, kennysheep_mini,
          minmay_misc_feat_enclosed, minmay_misc_feat_tower, uniq_grinder,
          uniq_ijyb
D:6:      layout_basic, elyvilon_altar_3, mainiacjoe_overflow_chevrons,
          minmay_temple_entry_arrows
D:7:      layout_rooms, lightli_temple_of_fire
D:8:      layout_loops_cross, mainiacjoe_overflow_alcove_1,
          nzn_wu_jian_council_hall, mainiacjoe_overflow_big_doors
D:9:      layout_irregular_city, vehumet_statue, hellmonk_lair_entry_icy,
          serial_ice, serial_ice_a, serial_ice_f, serial_ice_l, serial_ice_o,
          uniq_jeremiah
Temple:   hellmonk_temple_divided_pantheon
Lair:1:   layout_concentric_octagons, minmay_shattered_shrine,
          lemuel_fruit_fields
Lair:2:   layout_regular_city, hangedman_lair_generics_rect
Lair:3:   layout_cave_pods, mainiacjoe_swamp_entry_angry_trees,
          nicolae_spider_entry_non_spiders, nicolae_volcano_entry_hallway,
          ebering_ghost_funeral_grove, amcnicky_mini_pool_medium

Skill      XL: |  1  2  3  4  5  6  7  8  9 10 11 12 |
---------------+-------------------------------------+-----
Armour         | 1 2 3 4 5 |  5.2
Ranged Weapons | 5 6 7 8 10 11 12 14 15 | 15.2
Fighting       | 3 4 5 6 7 8 9 10 | 10.0
Dodging        | 2 4 5 6 |  6.0
Invocations    | 4 7 10 | 10.1
Stealth        | |  1.1

Action                     |  1- 3 |  4- 6 |  7- 9 | 10-12 || total
---------------------------+-------+-------+-------+-------++-------
   Fire: Shortbow          |   107 |   235 |    85 |       ||   427
         Orcbow            |       |       |   343 |   865 ||  1208
 Invoke: Heroism           |       |       |     1 |     6 ||     7
         Finesse           |       |       |       |     7 ||     7
  Evoke: Wand              |       |       |     5 |       ||     5
    Use: Scroll            |     3 |     4 |    11 |     8 ||    26
         Potion            |       |     1 |     1 |     1 ||     3
 Armour: Leather armour    |    14 |       |    97 |   325 ||   436
         Ring mail         |    47 |    73 |       |       ||   120
         Robe              |       |    31 |   114 |       ||   145
  Dodge: Dodged            |    59 |    70 |   208 |   404 ||   741

Table legend:
 A = Non-vault XP
 B = Vault XP
 C = Vault XP percentage of total XP
 D = Non-vault monster count
 E = Vault monster count
 F = Vault count percentage of total count
                 A         B        C        D         E       F
            +---------+---------+-------+---------+---------+-------
      Total |   21431 |   10000 |  31.8 |     243 |      56 |  18.7
            +---------+---------+-------+---------+---------+-------
        D:1 |      34 |       0 |   0.0 |      21 |       0 |   0.0
        D:2 |      91 |      15 |  14.2 |      26 |       2 |   7.1
        D:3 |      33 |      81 |  71.1 |      16 |      13 |  44.8
        D:4 |     563 |       0 |   0.0 |      20 |       0 |   0.0
        D:5 |     578 |     308 |  34.8 |      11 |       2 |  15.4
        D:6 |     934 |       0 |   0.0 |      20 |       0 |   0.0
        D:7 |     956 |       0 |   0.0 |      22 |       0 |   0.0
        D:8 |     713 |       0 |   0.0 |      28 |       0 |   0.0
        D:9 |    2771 |    2148 |  43.7 |      23 |      17 |  42.5
     Lair:1 |    6333 |    3696 |  36.9 |      31 |      15 |  32.6
     Lair:2 |    6643 |    3752 |  36.1 |      21 |       7 |  25.0
     Lair:3 |    1782 |       0 |   0.0 |       4 |       0 |   0.0
            +---------+---------+-------+---------+---------+-------
